Map: Snowbound Colony

Players

Throwfordays - Winner!

  • Race: Protoss Protoss
  • League: Silver
  • Spawn Location: 1:00

Faust - Winner!

  • Race: Zerg Zerg
  • League: Diamond
  • Spawn Location: 1:00

Cthulhu - Winner!

  • Race: Zerg Zerg
  • Spawn Location: 12:00

Kmantoozle

  • Race: Protoss Protoss
  • League: Bronze
  • Spawn Location: 7:00

Jabler

  • Race: Zerg Zerg
  • Spawn Location: 6:00

CNation

  • Race: Terran Terran
  • Spawn Location: 7:00

VOD

Have the link to the VOD?

Description

Time

  • Played on: April 17, 2019, 10:07 p.m.
  • Length: 10:46
Show
View Real Time Build Order
Export as new Build Order

Throwfordays Protoss - Winner!

Build Orders: 1 Gate Expand 

Get SALT Encoding   

  1  0:00  Probe  
  12  0:05  Probe  
  14  0:19  Pylon  
  14  0:22  Probe  
  15  0:38  Gateway  
  15  0:41  Probe  
  16  1:08  Probe  
  17  1:11  Assimilator  
  17  1:20  Probe  
  18  1:26  Cybernetics Core  
  18  1:32  Probe  
  19  1:42  Nexus  
  19  1:44  Probe  
  20  1:51  Pylon  
  19  1:57  Probe  
  20  2:02  Pylon  
  20  2:14  Robotics Facility  
  20  2:22  Pylon  
  20  2:25  Adept  
  22  2:35  Assimilator  
  22  2:51  Probe  
  23  2:59  Probe  
  23  3:04  Gateway  
  24  3:07  Immortal  
  24  3:09  Probe  
  24  3:10  Warp Gate  
  29  3:14  Probe  
  30  3:28  Adept  
  30  3:32  Probe  
  33  3:35  Probe  
  34  3:44  Probe  
  34  3:47  Probe  
  36  3:54  Immortal  
  40  3:59  Probe  
  41  4:03  Probe  
  41  4:07  Assimilator  
  42  4:11  Probe  
  42  4:15  Probe  
  44  4:23  Probe  
  45  4:27  Probe  
  46  4:33  Immortal  
  46  4:36  Pylon  
  50  4:49  Nexus  
  50  4:52  Pylon  
  50  5:01  Probe  
  50  5:03  Probe  
  52  5:13  Probe  
  53  5:15  Probe  
  53  5:18  Robotics Bay  
  53  5:20  Warp Prism  
  56  5:24  Pylon  
  56  5:26  Robotics Facility, Probe  
  57  5:28  Probe  
  57  5:34  Assimilator, Probe  
  58  5:41  Adept  
  58  5:42  Adept  
  63  5:43  Probe  
  64  5:53  Gateway  
  64  5:54  Gateway  
  64  5:57  Twilight Council  
  64  6:01  Forge  
  64  6:07  Extended Thermal Lance  
  64  6:11  Forge  
  64  6:15  Probe  
  64  6:23  Probe x2  
  66  6:26  Probe  
  68  6:33  Probe  
  68  6:34  Colossus  
  75  6:45  Probe  
  75  6:46  Resonating Glaives  
  76  6:56  Gateway  
  76  6:57  Gateway, Probe x2  
  76  6:58  Probe  
  79  7:05  Probe  
  79  7:09  Probe  
  79  7:10  Probe  
  79  7:11  Colossus  
  88  7:20  Assimilator  
  88  7:21  Probe  
  88  7:22  Assimilator, Probe  
  90  7:25  Probe  
  91  7:30  Adept x4  
  91  7:33  Probe  
  100  7:37  Probe  
  100  7:43  Pylon  
  101  7:44  Pylon  
  101  7:48  Pylon  
  101  8:01  Probe  
  102  8:08  Protoss Ground Weapons Level 1  
  102  8:10  Protoss Ground Armor Level 1  
  102  8:18  Colossus x2  
  114  8:25  Probe  
  114  8:26  Probe  
  115  8:34  Probe  
  116  8:38  Probe  
  118  8:46  Pylon  
  118  8:48  Pylon  
  118  8:50  Pylon, Probe  
  118  8:52  Pylon  
  119  8:56  Pylon x2  
  119  8:58  Pylon  
  119  9:07  Stalker x2  
  119  9:08  Stalker x4  
  131  9:42  Probe  
  132  9:46  Immortal x2  
  140  10:11  Stalker x2  
  140  10:12  Stalker x4  
  152  10:35  Stalker x3  
  154  10:36  Stalker x3  
Show
View Real Time Build Order
Export as new Build Order

Faust Zerg - Winner!

Build Orders: Hatch First, Swarm Host 

Get SALT Encoding   

  12  0:03  Drone  
  13  0:12  Drone  
  14  0:14  Extractor  
  14  0:16  Drone  
  15  0:23  Overlord  
  15  0:42  Drone x2  
  17  0:58  Hatchery  
  17  1:01  Drone x2  
  18  1:05  Extractor  
  17  1:17  Spawning Pool  
  16  1:28  Drone x2  
  16  1:32  Drone  
  19  1:57  Overlord  
  19  2:04  Queen  
  21  2:11  Queen  
  21  2:12  Zergling x6  
  21  2:15  Metabolic Boost  
  26  2:20  Drone  
  27  2:23  Drone  
  28  2:36  Drone x3  
  30  2:50  Zergling x4  
  32  2:55  Baneling Nest  
  31  3:01  Drone  
  31  3:02  Drone  
  33  3:06  Zergling x2  
  33  3:07  Zergling x2  
  35  3:15  Drone  
  36  3:25  Lair, Overlord  
  36  3:32  Overlord  
  36  3:44  Drone x4  
  36  3:46  Extractor  
  39  3:50  Drone x2  
  39  3:53  Hatchery  
  39  4:11  Drone x2  
  39  4:12  Drone x3  
  39  4:14  Drone x2  
  39  4:15  Drone  
  47  4:22  Baneling x2  
  47  4:23  Baneling x2  
  47  4:27  Drone x4  
  49  4:49  Zergling x4  
  49  4:50  Zergling x4  
  50  5:00  Extractor  
  50  5:01  Extractor  
  50  5:02  Drone x3  
  50  5:03  Drone  
  50  5:07  Overlord x2  
  52  5:09  Queen  
  54  5:16  Spore Crawler  
  54  5:18  Drone x2  
  54  5:19  Spore Crawler, Drone  
  55  5:28  Drone x3  
  58  5:29  Overlord x2  
  58  5:37  Drone  
  58  5:38  Extractor  
  58  5:42  Centrifical Hooks, Spire  
  57  5:46  Drone, Infestation Pit  
  57  5:47  Drone x5  
  62  6:02  Drone  
  62  6:03  Drone x2, Overlord x2  
  66  6:04  Drone x2  
  66  6:11  Drone x5  
  69  6:16  Extractor  
  71  6:19  Evolution Chamber  
  71  6:21  Evolution Chamber  
  69  6:27  Drone  
  69  6:28  Drone x2  
  69  6:30  Spore Crawler  
  71  6:34  Drone x4, Spine Crawler  
  71  6:35  Spine Crawler  
  73  6:47  Zerg Missile Weapons Level 1  
  73  6:48  Zerg Melee Weapons Level 1, Swarm Host  
  73  6:49  Swarm Host x3  
  85  6:55  Nydus Network  
  85  6:56  Drone x2  
  85  6:58  Drone  
  87  7:22  Swarm Host x3  
  87  7:23  Swarm Host x3  
  87  7:24  Spine Crawler  
  104  7:30  Hatchery  
  104  7:34  Overlord x3  
  104  7:35  Overlord  
  101  7:39  Nydus Canal  
  101  7:42  Drone  
  102  7:44  Drone x2  
  102  7:45  Drone  
  105  8:22  Zergling x34  
  122  8:27  Hive  
  122  8:32  Drone x2  
  122  8:33  Drone x4  
  128  8:34  Drone  
  127  8:44  Extractor  
  127  8:46  Overlord x4  
  127  8:48  Extractor  
  125  9:16  Baneling x3  
  125  9:17  Baneling  
  120  9:37  Queen  
  120  9:38  Drone x3  
  123  9:39  Drone x3, Swarm Host x5  
  123  9:40  Swarm Host x11  
  175  9:50  Evolution Chamber  
  175  9:51  Spire  
  176  10:42  Nydus Canal  
Show
View Real Time Build Order
Export as new Build Order

Cthulhu Zerg - Winner!

Build Orders: Hatch First 

Get SALT Encoding   

  12  0:01  Drone  
  13  0:08  Drone  
  14  0:17  Extractor  
  14  0:18  Drone  
  15  0:40  Hatchery  
  14  0:45  Extractor  
  14  0:46  Drone  
  14  0:54  Overlord  
  14  1:14  Drone x2  
  14  1:15  Drone  
  17  1:43  Drone  
  17  1:44  Drone  
  19  1:47  Extractor  
  19  1:52  Spawning Pool  
  17  1:59  Drone, Evolution Chamber  
  17  2:00  Drone x2  
  19  2:14  Drone x3  
  22  2:34  Extractor  
  22  2:35  Drone x2  
  22  2:36  Drone  
  24  2:39  Lair  
  24  2:45  Queen  
  26  2:57  Metabolic Boost  
  26  3:02  Drone  
  26  3:03  Drone  
  25  3:17  Drone  
  25  3:18  Drone x2, Overlord  
  28  3:38  Drone x3  
  31  3:42  Spire  
  30  3:48  Drone x2  
  32  3:56  Drone  
  32  3:57  Drone  
  32  4:02  Overlord  
  34  4:04  Overlord  
  34  4:56  Mutalisk x9  
  52  5:30  Zerg Flyer Weapons Level 1  
  52  5:31  Overlord x6  
  52  5:34  Extractor  
  51  5:49  Hatchery  
  50  6:01  Mutalisk x5  
  60  6:48  Zergling x2  
  60  6:49  Zergling x4  
  63  7:00  Zergling x10  
  68  7:28  Zergling x8  
  70  7:59  Zergling x2  
  70  8:00  Zergling x10  
  76  8:36  Zergling x12  
  82  8:43  Drone x3  
  85  8:53  Drone x2  
  87  9:17  Extractor  
  87  9:20  Extractor  
  82  10:05  Zergling x2  
  82  10:06  Zergling x16  
Show
View Real Time Build Order
Export as new Build Order

Kmantoozle Protoss 

Build Orders:  

Get SALT Encoding   

  1  0:00  Probe  
  13  0:09  Probe  
  14  0:20  Probe  
  15  0:34  Pylon  
  15  0:52  Probe  
  16  1:02  Pylon  
  16  1:04  Probe  
  16  1:10  Assimilator  
  17  1:15  Gateway  
  17  1:16  Probe  
  18  1:29  Probe  
  19  1:38  Forge  
  19  2:05  Zealot  
  19  2:10  Assimilator  
  21  2:23  Probe  
  22  2:30  Zealot  
  22  2:31  Probe  
  24  2:41  Probe  
  24  2:43  Cybernetics Core  
  25  2:51  Gateway  
  25  2:53  Probe  
  25  2:57  Zealot  
  28  3:00  Gateway  
  28  3:05  Pylon  
  28  3:14  Gateway, Warp Gate  
  28  3:24  Zealot  
  30  3:43  Protoss Ground Weapons Level 1  
  30  3:44  Gateway  
  30  3:51  Zealot  
  32  4:12  Twilight Council  
  32  4:52  Charge  
  32  5:08  Stalker  
  32  5:09  Stalker x2  
  38  5:25  Pylon  
  38  5:35  Pylon  
  38  5:38  Nexus  
  38  5:42  Pylon  
  38  5:46  Probe  
  39  5:52  Protoss Ground Armor Level 1  
  39  5:58  Probe  
  40  6:10  Probe  
  41  6:11  Stalker x2  
  45  6:20  Pylon  
  43  6:34  Photon Cannon  
  43  6:58  Probe  
  43  7:00  Stalker  
  41  7:10  Probe  
  42  7:22  Probe  
  38  7:30  Stalker  
  38  7:31  Stalker x2  
  38  7:34  Probe  
  37  7:44  Stargate  
  37  7:46  Probe  
  37  7:48  Stargate  
  25  7:56  Photon Cannon  
  25  8:01  Photon Cannon  
  25  8:11  Probe  
  22  8:34  Probe  
  22  8:38  Probe  
  23  8:42  Probe  
  23  8:47  Probe  
  15  8:56  Stalker x2, Probe  
  15  8:57  Stalker  
  5  9:20  Forge  
Show
View Real Time Build Order
Export as new Build Order

Jabler Zerg 

Build Orders: Pool First 

Get SALT Encoding   

  12  0:05  Drone  
  13  0:15  Drone  
  13  0:20  Overlord  
  14  0:39  Drone  
  14  0:41  Drone x2  
  17  1:03  Spawning Pool  
  17  1:04  Drone x2  
  18  1:16  Drone  
  19  1:24  Drone  
  20  1:40  Extractor  
  20  1:41  Drone  
  20  1:51  Zergling x2  
  21  1:55  Zergling x2  
  22  2:08  Overlord  
  22  2:26  Drone  
  22  2:28  Drone  
  24  3:02  Drone x3  
  27  3:18  Zergling x2  
  28  3:24  Zergling x2  
  29  4:06  Overlord  
  29  4:07  Queen  
  29  4:21  Zergling x4  
  29  4:23  Overlord  
  27  5:04  Drone x3  
  30  5:18  Hatchery  
  29  5:32  Evolution Chamber  
  29  5:33  Hatchery  
  27  5:41  Drone x2  
  27  5:42  Drone, Roach Warren  
  29  5:48  Extractor  
  22  6:15  Spore Crawler  
  22  6:17  Spawning Pool  
  20  6:25  Spore Crawler  
  20  6:30  Spore Crawler, Drone  
  20  6:31  Drone x2  
  22  6:35  Drone  
  23  6:41  Queen  
  23  6:46  Drone  
  23  6:59  Roach x2  
  26  7:06  Zerg Melee Weapons Level 1  
  26  7:11  Lair  
  26  7:18  Drone x2  
  28  7:26  Drone  
  28  7:27  Drone x2  
  31  7:30  Queen  
  29  7:45  Spore Crawler  
  29  7:49  Spawning Pool  
  28  7:53  Spore Crawler  
  28  7:58  Spore Crawler, Drone x2  
  28  8:15  Drone  
  28  8:16  Drone x2  
  28  8:17  Hydralisk Den  
  30  8:24  Drone  
  30  8:25  Drone x2  
  33  8:28  Drone x3  
  36  8:56  Hydralisk  
  36  8:57  Hydralisk x2  
  36  8:59  Hydralisk x2  
  36  9:02  Hydralisk x2  
  50  9:04  Overlord  
  50  9:33  Hydralisk x3  
  50  9:35  Hydralisk  
  50  9:37  Overlord  
  50  9:38  Overlord  
  44  10:03  Hydralisk  
  44  10:04  Hydralisk  
  44  10:07  Hydralisk x3  
Show
View Real Time Build Order
Export as new Build Order

CNation Terran 

Build Orders:  

Get SALT Encoding   

  12  0:03  SCV  
  13  0:17  SCV  
  14  0:29  Supply Depot  
  14  0:30  SCV  
  15  0:51  SCV  
  15  0:55  Barracks  
  16  1:03  SCV  
  17  1:05  Barracks  
  17  1:10  Refinery  
  17  1:15  SCV  
  18  1:27  SCV  
  19  1:39  SCV  
  20  1:44  Refinery  
  20  1:51  SCV  
  21  2:03  Supply Depot  
  21  2:07  Barracks Reactor, Barracks Tech Lab  
  21  2:35  SCV  
  22  2:43  Factory  
  22  2:46  Marine x3  
  22  2:47  SCV  
  26  2:59  SCV  
  26  3:04  Marine x3  
  30  3:11  SCV  
  31  3:13  Supply Depot  
  31  3:15  Stimpack  
  31  3:33  Factory Tech Lab  
  31  3:35  Marine x2, SCV  
  31  3:38  Barracks  
  34  3:47  SCV  
  34  3:48  Supply Depot  
  35  3:52  Marine  
  36  3:57  Siege Tank  
  39  4:09  SCV  
  40  4:10  Marine, Supply Depot  
  40  4:12  Supply Depot  
  41  4:21  SCV  
  39  4:53  Supply Depot  
  39  4:57  Barracks Reactor  
  39  4:58  Siege Tank  
  42  5:07  Starport  
  42  5:08  Marine x3  
  45  5:21  SCV  
  46  5:25  Supply Depot  
  46  5:26  Marine x2  
  48  5:30  Siege Tank  
  48  5:33  SCV  
  52  5:40  Barracks Reactor  
  52  5:45  SCV  
  53  5:51  Marine  
  53  5:52  Marine x2  
  53  5:54  Medivac  
  53  5:55  Medivac  
  55  6:24  Medivac  
  57  6:30  Marine  
  57  6:31  Marine x2  
  56  6:48  Marine  
  56  6:49  Marine x2  
  56  6:51  Marine  
  56  6:52  Marine  
  61  6:54  Medivac  
  61  6:55  Medivac  
  61  7:00  Supply Depot  
  65  7:09  Marine x2  
  67  7:27  Marine x2  
  69  7:45  Marine  
  70  7:52  Marine  
  70  7:55  Marine x3  
  73  8:02  Marine  
  63  8:09  Marine  
  60  8:12  Marine  
  61  8:20  Marine  
  60  8:27  Marine  
  13  9:36  Marine x2  
  15  9:41  Marine  
  15  9:43  Marine x2  
  18  9:53  Marine  
  18  9:54  Marine  
  18  9:59  Marine  
  19  10:00  Marine  
  19  10:01  Marine  
  13  10:11  Marine x2  
  9  10:17  Marine  
Tags
 
Add a new tag
Caveats
  • Supply blocks, unpowered buildings, or Contaminate may cause inaccurate times.
  • Supply counts are checked every 10 seconds.